Map: Lost and Found LE

Players

Matze

  • Race: Terran Terran
  • Spawn Location: 7:00

blackxored - Winner!

  • Race: Zerg Zerg
  • League: Master
  • Spawn Location: 1:00

VOD

Have the link to the VOD?

Description

Time

  • Played on: July 27, 2018, 2:35 p.m.
  • Length: 15:31
Show
View Real Time Build Order
Export as new Build Order

Matze Terran 

Build Orders: Reaper Expand, MMM Bio 

Get SALT Encoding   

  12  0:01  SCV  
  13  0:13  SCV  
  14  0:19  Supply Depot  
  14  0:25  SCV  
  15  0:41  SCV  
  16  0:43  Barracks  
  16  0:53  Refinery, SCV  
  17  1:05  SCV  
  18  1:17  SCV  
  19  1:30  Orbital Command  
  19  1:36  Reaper  
  20  1:44  Command Center  
  20  1:51  Supply Depot  
  20  1:55  SCV  
  21  2:01  Barracks  
  21  2:09  Barracks Reactor  
  21  2:13  SCV  
  22  2:25  SCV  
  22  2:28  Refinery  
  23  2:33  Factory  
  23  2:38  SCV  
  24  2:44  Marine  
  24  2:45  Marine  
  24  2:50  SCV  
  27  2:55  Barracks Tech Lab  
  27  2:57  Orbital Command  
  27  3:02  SCV  
  27  3:03  Marine  
  27  3:04  Marine  
  30  3:14  SCV  
  30  3:19  Stimpack  
  31  3:22  Marine x3  
  34  3:27  Orbital Command  
  34  3:38  Supply Depot  
  34  3:39  Supply Depot  
  34  3:42  Bunker  
  34  3:55  SCV x2  
  36  4:02  Starport  
  36  4:03  Factory Reactor  
  36  4:05  Marine x2  
  36  4:07  SCV x2  
  40  4:19  SCV x2  
  42  4:26  Marine x3  
  42  4:31  SCV  
  46  4:41  Supply Depot x2, SCV  
  46  4:43  SCV, Marine  
  46  4:44  Marine  
  50  4:52  Medivac x2  
  52  4:53  Factory Tech Lab  
  52  4:57  Engineering Bay  
  52  4:58  Engineering Bay  
  54  5:00  Marine  
  54  5:01  Marine x2  
  54  5:04  SCV x2  
  59  5:07  Refinery  
  59  5:10  Refinery  
  59  5:16  SCV x2  
  59  5:20  Combat Shield, Supply Depot  
  61  5:21  Supply Depot  
  61  5:26  Siege Tank  
  64  5:28  SCV  
  65  5:37  Medivac x2  
  69  5:43  SCV  
  69  5:44  SCV  
  71  5:50  Marine x3  
  71  5:54  Terran Infantry Weapons Level 1, Command Center  
  71  5:56  SCV x2  
  76  5:57  Terran Infantry Armor Level 1  
  76  6:07  Marine  
  76  6:08  SCV  
  73  6:11  Marine  
  73  6:12  Marine  
  73  6:14  Siege Tank  
  78  6:20  Barracks  
  78  6:22  Barracks  
  78  6:23  Barracks  
  78  6:24  SCV x2  
  80  6:25  Marine  
  80  6:29  Marine  
  82  6:36  SCV x2  
  78  6:44  Marine  
  77  6:48  SCV x2  
  77  6:52  Armory, Siege Tank  
  82  6:59  Medivac  
  82  7:00  SCV x2, Marine, Medivac  
  82  7:01  Marine  
  90  7:12  Missile Turret, SCV x2  
  90  7:14  Missile Turret  
  92  7:21  Planetary Fortress  
  92  7:35  SCV x2  
  94  7:37  Barracks Reactor x3  
  94  7:47  SCV x2  
  94  7:48  Refinery  
  94  7:49  Refinery  
  96  7:52  Medivac x2  
  96  7:55  Supply Depot  
  96  7:56  Supply Depot, Terran Infantry Weapons Level 2  
  96  7:57  Supply Depot  
  96  7:58  Supply Depot  
  100  8:06  Missile Turret  
  100  8:10  Command Center  
  100  8:20  Marine  
  100  8:21  Marine x8  
  100  8:25  Siege Tank  
  112  8:29  Liberator  
  112  8:38  Marine  
  112  8:39  Unknown, Marine x6  
  119  8:43  Marine  
  114  8:57  Siege Tank, Marine x8  
  114  9:01  Marine  
  126  9:08  Starport  
  126  9:10  Starport  
  126  9:12  Terran Ship Weapons Level 1  
  126  9:13  Fusion Core  
  126  9:14  Marine  
  126  9:15  Marine x7  
  126  9:16  Terran Infantry Armor Level 2  
  134  9:19  Marine  
  135  9:32  Marine  
  135  9:33  Marine x7  
  135  9:37  Marine  
  144  9:39  Siege Tank  
  144  9:41  Liberator x2  
  144  9:43  Supply Depot  
  144  9:44  Supply Depot x2  
  144  9:45  Supply Depot  
  147  9:50  Marine  
  147  9:52  Starport Tech Lab  
  148  9:53  Starport Reactor  
  154  10:11  Liberator  
  122  10:24  Marine x9  
  131  10:36  Liberator x3  
  131  10:41  Marine  
  131  10:42  Marine x8  
  108  10:56  Advanced Ballistics  
  117  10:59  Marine  
  117  11:00  Marine x8  
  126  11:05  Liberator x2  
  126  11:17  Marine  
  126  11:18  Marauder, Marine x2  
  131  11:22  Command Center  
  131  11:24  Marine x5  
  142  11:31  Terran Infantry Weapons Level 3  
  142  11:35  Marine x3  
  147  11:40  Marauder  
  147  11:41  Marine  
  147  11:42  Marine x4  
  152  11:48  Liberator  
  152  11:53  Unknown, Marine x2  
  152  11:54  Unknown x2  
  152  12:01  Marauder  
  152  12:02  Marine x3  
  152  12:03  Marine x3  
  154  12:11  Marine x2  
  155  12:20  Marine x3  
  146  12:34  Marine x6  
  152  12:38  Marine x3  
  153  12:52  Marine x6  
  153  12:57  Missile Turret  
  154  13:00  Missile Turret  
  154  13:04  Marine x3  
  157  13:09  Marine  
  82  14:02  Marine  
  82  14:03  Marine x8  
  88  14:16  Planetary Fortress  
  88  14:20  Marine  
  88  14:21  Marine x7  
  89  14:46  Marauder, Marine x3  
  89  14:47  Marine x5  
  96  14:59  SCV x3  
  99  15:04  Marine x2  
  95  15:07  Marauder  
  95  15:11  SCV  
  95  15:12  SCV  
Show
View Real Time Build Order
Export as new Build Order

blackxored Zerg - Winner!

Build Orders: Hatch First 

Get SALT Encoding   

  12  0:01  Drone  
  13  0:12  Overlord  
  13  0:16  Drone  
  14  0:38  Drone x2  
  14  0:39  Drone  
  17  0:55  Drone  
  17  0:56  Hatchery  
  17  1:01  Drone  
  18  1:09  Extractor  
  17  1:16  Spawning Pool, Drone  
  17  1:22  Drone  
  18  1:32  Drone  
  19  1:44  Overlord  
  19  1:54  Drone  
  20  2:04  Queen  
  20  2:05  Zergling x2  
  20  2:07  Queen  
  20  2:08  Zergling x2  
  26  2:12  Metabolic Boost  
  26  2:15  Drone  
  27  2:26  Zergling x4  
  29  2:39  Hatchery, Drone  
  29  2:51  Drone x3  
  32  2:55  Overlord  
  32  3:02  Overlord  
  32  3:06  Queen  
  34  3:16  Pneumatized Carapace  
  34  3:19  Drone x2  
  36  3:20  Overlord  
  36  3:30  Drone x3  
  36  3:31  Drone  
  40  3:41  Drone  
  40  3:42  Drone x3  
  44  3:50  Zergling x2  
  44  3:53  Overlord  
  44  3:54  Overlord  
  45  4:09  Queen  
  47  4:15  Evolution Chamber x2  
  45  4:21  Drone x4  
  49  4:24  Queen  
  49  4:25  Zergling x8  
  49  4:26  Zergling x4  
  49  4:27  Zergling x2  
  49  4:29  Zergling x2  
  59  4:34  Zergling x4  
  61  4:40  Zergling x2  
  61  4:44  Zerg Melee Weapons Level 1, Zerg Ground Armor Level 1  
  62  4:48  Zergling x6  
  62  4:51  Overlord  
  65  4:53  Overlord  
  65  4:57  Zergling x2  
  66  5:08  Overlord x2  
  66  5:09  Zergling x2, Queen  
  66  5:10  Zergling x2  
  66  5:11  Zergling x2  
  71  5:15  Queen  
  73  5:22  Zergling x6  
  76  5:31  Drone  
  76  5:33  Baneling Nest  
  76  5:35  Drone x4  
  80  5:49  Queen  
  82  5:54  Overlord x2  
  81  6:19  Drone x10  
  81  6:20  Drone x4  
  95  6:26  Extractor  
  95  6:28  Drone x2  
  95  6:29  Hatchery, Drone  
  95  6:32  Overlord  
  95  6:35  Hatchery  
  95  6:39  Extractor  
  92  6:44  Extractor  
  91  6:47  Extractor  
  91  6:48  Lair  
  91  6:49  Drone x4  
  91  6:50  Drone  
  91  6:51  Drone x3  
  98  6:56  Drone  
  98  6:57  Extractor  
  98  6:58  Drone x3  
  101  7:04  Drone  
  101  7:06  Drone x2  
  104  7:11  Overlord  
  104  7:25  Drone x2  
  104  7:28  Zergling x4  
  104  7:29  Zergling x12  
  113  7:45  Overseer  
  113  7:47  Centrifical Hooks  
  113  7:49  Zerg Ground Armor Level 2, Zerg Melee Weapons Level 2  
  113  7:50  Overseer  
  113  7:54  Drone x8  
  121  8:06  Zergling x12  
  121  8:07  Zergling x6  
  130  8:13  Spire, Zergling x12  
  135  8:30  Extractor, Drone  
  135  8:31  Drone x2  
  135  8:32  Zergling x10  
  142  8:36  Baneling x5  
  142  8:37  Baneling x10  
  142  8:38  Baneling x4  
  138  9:05  Drone  
  138  9:06  Extractor, Drone x3  
  141  9:16  Hatchery  
  140  9:25  Zergling x2  
  140  9:26  Zergling x2  
  140  9:27  Overlord x2  
  140  9:28  Overlord x2  
  140  9:29  Overlord x6  
  142  9:31  Zerg Flyer Armor Level 1  
  142  9:34  Infestation Pit, Drone  
  142  9:45  Queen  
  144  9:54  Zergling x2  
  144  9:55  Zergling x18  
  144  9:56  Baneling  
  144  9:57  Baneling x8  
  144  9:58  Baneling x10  
  144  9:59  Baneling x3  
  153  10:06  Drone  
  127  10:24  Zergling x6  
  127  10:25  Zergling x20  
  127  10:26  Zergling x14  
  127  10:28  Extractor x2  
  122  10:43  Mutalisk  
  122  10:44  Mutalisk x9  
  122  10:45  Mutalisk x4  
  149  10:52  Hive  
  149  10:57  Zergling x4  
  149  10:58  Zergling x12  
  157  11:06  Zergling x8  
  160  11:13  Zergling x10  
  161  11:18  Mutalisk x2  
  161  11:19  Mutalisk  
  167  11:28  Baneling x8  
  167  11:29  Baneling x10  
  167  11:30  Baneling x2  
  167  11:37  Drone x3  
  167  11:38  Drone x3  
  173  11:42  Zergling x2  
  173  11:43  Zergling x18  
  175  12:23  Zergling x8  
  175  12:24  Zergling x16  
  175  12:27  Adrenal Glands  
  175  12:28  Ultralisk Cavern  
  175  12:29  Zerg Ground Armor Level 3, Zerg Melee Weapons Level 3  
  183  12:40  Zergling x14  
  183  12:41  Zergling x16  
  179  13:02  Zergling x8  
  179  13:03  Zergling x20  
  179  13:04  Zergling x10  
  187  13:13  Zergling x2  
  187  13:14  Zergling x12  
  187  13:17  Chitinous Plating  
  194  13:22  Baneling x8  
  194  13:23  Baneling x10  
  194  13:24  Baneling x4  
  163  13:35  Baneling  
  163  13:36  Baneling x9  
  163  13:37  Baneling x6  
  147  13:54  Corruptor x2  
  147  13:55  Corruptor x3  
  124  13:58  Zergling x6  
  124  13:59  Zergling x4  
  78  14:21  Ultralisk x4  
  78  14:22  Ultralisk x3  
  117  14:25  Overseer  
  117  14:27  Hatchery  
  116  14:42  Drone x2  
  116  14:43  Drone x6  
  124  14:55  Drone x6  
  124  14:56  Drone  
  124  14:59  Drone  
Tags
 
Add a new tag
Caveats
  • Supply blocks, unpowered buildings, or Contaminate may cause inaccurate times.
  • Supply counts are checked every 10 seconds.